 Dungeon Crawl Stone Soup version 0.32-a0-981-g384da2ce10 (webtiles) character file.

Game seed: 13426836058870436492

56 KennySheep the Magician (level 3, 0/19 HPs)
             Began as a Deep Elf Wanderer on Apr 21, 2024.
             Was an Initiate of Gozag.
             Succumbed to a kobold's poison
             ... on level 2 of the Dungeon.
             The game lasted 00:09:37 (1647 turns).

KennySheep the Magician (Deep Elf Wanderer)         Turns: 1647, Time: 00:09:38

Health: 0/19       AC:  2    Str:  6 (7)  XL:     3   Next: 69%
Magic:  11/13      EV: 10    Int: 16 (19) God:    Gozag
Gold:   211        SH:  4    Dex: 14 (15) Spells: 10/15 levels left

rFire   . . .        a - +0 dagger
rCold   . . .        d - +0 buckler
rNeg    . . .        c - +0 robe
rPois   .            (no helmet)
rElec   .            (no cloak)
rCorr   .            (no gloves)
SInv    .            (no boots)
Will    .....        f - amulet of regeneration
Stlth   ++           (no ring)
HPRegen 1.03/turn    (no ring)
MPRegen 0.13/turn

%: no passive effects
@: lethally poisoned (0 -> -10)
A: no striking features
a: Renounce Religion, Potion Petition, Call Merchant, Bribe Branch


You were on level 2 of the Dungeon.
You worshipped Gozag.
Gozag was aware of your devotion.
You visited 1 branch of the dungeon, and saw 2 of its levels.

You collected 211 gold pieces.

Inventory:

Hand Weapons
 a - a +0 dagger (weapon)
Armour
 c - a +0 robe (worn)
 d - a +0 buckler (worn)
Jewellery
 f - an amulet of regeneration (around neck)
Scrolls
 b - a scroll of blinking
 e - a scroll of teleportation {unknown}
 h - a scroll of amnesia {unknown}
 i - a scroll of poison {unknown}
 k - 2 scrolls of identify {unknown}
Potions
 j - a potion of attraction {unknown}
 l - a potion of heal wounds {unknown}
 m - 2 potions of magic {unknown}


   Skills:
 - Level 1.8 Dodging
 - Level 1.2 Stealth
 - Level 1.0 Shields
 + Level 6.5 Spellcasting
 * Level 3.0 Summonings
 - Level 1.7 Evocations


You had 10 spell levels left.
You knew the following spells:

 Your Spells              Type           Power      Damage    Failure   Level
a - Summon Small Mammal   Summ           60%        N/A       6%          1
b - Freeze                Ice            20%        1d4       22%         1
c - Call Canine Familiar  Summ           15%        N/A       19%         3

Your spell library contained the following spells:

 Spells                   Type           Power      Damage    Failure   Level
 Magic Dart               Conj           20%        1d4       22%         1
 Sandblast                Erth           10%        2d5       22%         1
 Searing Ray              Conj           10%        2d4       34%         2
 Sublimation of Blood     Necr           5%         N/A       34%         2
 Fulminant Prism          Conj/Alch      2%         3d5       92%         4


Dungeon Overview and Level Annotations

Branches:
Dungeon (2/15)

Altars:
Gozag


Message History

The rat barely misses your quokka.
Your quokka bites the goblin.
The goblin dies!
Your quokka barely misses the rat.
The rat bites your quokka but does no damage.
Your quokka bites the rat.
The rat dies!
Your magical contamination has completely faded away.
Your quokka disappears in a puff of smoke!
Your quokka disappears in a puff of smoke!
You now have 183 gold pieces (gained 6).
You see here a +0 dagger.
You now have 211 gold pieces (gained 28).
Key pressed, stopping explore.
Found a club.
Found a stone staircase leading up.
There is a stone staircase leading up here.
m - 2 glowing inky potions Key pressed, stopping explore.
A kobold comes into view. It is wielding a +2 dagger of venom.
A kobold is nearby!
A kobold is nearby!
A kobold is nearby!
The kobold shouts!
An endoplasm comes into view.
Casting: Summon Small Mammal (safe; 4% risk of failure)
Confirm with . or Enter, or press ? or * to list all spells.
The kobold hits you with a +2 dagger of venom.
You are poisoned.
Casting: Summon Small Mammal (safe; 4% risk of failure)
Confirm with . or Enter, or press ? or * to list all spells.
You feel very sick.
The kobold hits you with a +2 dagger of venom.
You are lethally poisoned!
* * * LOW HITPOINT WARNING * * *
You feel very sick.
It was a potion of degeneration.
There was something very wrong with that liquid.
You feel weakened.
You feel dopey.
You feel clumsy.
You die...
Your body crumbles into a pile of gold.

###............#
#####....##.##.#.###
.........).....#.########
.........................
.........##.####.########
.####.....#.# #.#
.######.#.# # #.# .....
....# #.# ### ....#
#.#.#.####@###..... ....#
.........Kr....... .....
...####r..J..... .....
........... .....
#............ .....
#............ '##..
#............ .. .
'............ ..#
.####.##.###.#


You could see an endoplasm, a kobold (ally target) and 2 friendly quokkas.

Vanquished Creatures
  A ball python (D:1)
  2 endoplasms (D:1)
  A giant cockroach (D:1)
  2 hobgoblins (D:1)
  3 kobolds (D:1)
  A quokka (D:1)
  A bat (D:1)
  2 rats
13 creatures vanquished.

Vanquished Creatures (collateral kills)
  2 adders (D:2)
  2 dart slugs (D:1)
  3 endoplasms
  A giant cockroach (D:2)
  A goblin (D:2)
  3 jackals (D:2)
  3 quokkas
  A kobold (D:2)
  A rat (D:2)
17 creatures vanquished.

Grand Total: 30 creatures vanquished

Notes
Turn   | Place    | Note
-------+----------+-------------------------------------------
     0 | D:1      | KennySheep the Deep Elf Wanderer began the quest for the
                  | Orb.
     0 | D:1      | KennySheep set off with the following items: a +0 dagger, a
                  | scroll of blinking, a +0 robe, a +0 buckler; and the
                  | following spells available to memorise: Summon Small
                  | Mammal, Freeze, Magic Dart, Sandblast, Call Canine
                  | Familiar, Sublimation of Blood.
     0 | D:1      | Reached XP level 1. HP: 10/10 MP: 9/9
     2 | D:1      | Learned a level 1 spell: Summon Small Mammal
     4 | D:1      | Learned a level 1 spell: Freeze
   116 | D:1      | Reached skill level 6 in Spellcasting
   273 | D:1      | Reached XP level 2. HP: 13/15 MP: 6/11
   634 | D:1      | Found a faded altar of an unknown god.
   649 | D:1      | Prayed at the altar of an unknown god.
   649 | D:1      | Became a worshipper of Gozag Ym Sagoz the Greedy
   825 | D:1      | Reached skill level 1 in Stealth
  1335 | D:2      | Reached XP level 3. HP: 19/19 MP: 10/12
  1339 | D:2      | Learned a level 3 spell: Call Canine Familiar
  1647 | D:2      | Succumbed to a kobold's poison

Illustrated notes

Levels and vault maps discovered:
D:1:      evilmike_arrival_hilbert_curve, layout_loops_ring,
          dreamdust_ecumenical_altar_statues, serial_forest,
          infiniplex_forest_straight_4, infiniplex_forest_lined_room_2,
          infiniplex_forest_straight_2, infiniplex_forest_lined_2,
          infiniplex_forest_lined_3, infiniplex_forest_corner_2,
          infiniplex_forest_lined_room_2, infiniplex_forest_clump_cross,
          minmay_split_cup_large
D:2:      minmay_chambers_of_ones, layout_basic, uniq_robin

Skill      XL: |  1  2  3 |
---------------+----------+-----
Spellcasting   | 6 |  6.5
Stealth        | 1 |  1.2
Summonings     | 3 |  3.0
Dodging        | |  1.8
Shields        | |  1.0
Evocations     | |  1.7

Action                     || total
---------------------------++-------
  Melee: Dagger            ||     1
   Cast: Summon Small Mamm ||    38
         Freeze            ||    21
    Use: Potion            ||     1
 Armour: Robe              ||    21
  Dodge: Dodged            ||    13
  Block: Buckler           ||    11

Table legend: (Time is in decaauts)
 A = Elapsed time spent in this place.
 B = Non-inter-level travel time spent in this place.
 C = Inter-level travel time spent in this place.
 D = Time resting spent in this place.
 E = Time spent auto-exploring this place.
 F = Levels seen in this place.
 G = Mean time per level.
                   A        B        C        D        E       F      G
               +--------+--------+--------+--------+--------+-----+--------+
         Total |   1647 |   1581 |     66 |     72 |   1084 |   2 |  823.5 |
       Dungeon |   1647 |   1581 |     66 |     72 |   1084 |   2 |  823.5 |
               +--------+--------+--------+--------+--------+-----+--------+

Top non-repeatable levels by time:
     D:1: 1295 daAuts
     D:2: 351 daAuts
